Map: Acropolis LE

Players

Scarlett - Winner!

  • Race: Zerg Zerg
  • Spawn Location: 11:00

SKillous

  • Race: Protoss Protoss
  • League: Master
  • Spawn Location: 5:00

Event: NationWars 2019

VOD

Have the link to the VOD?

Description

Time

  • Played on: Nov. 15, 2019, 1:57 p.m.
  • Length: 13:57

All games in this series

Show
View Real Time Build Order
Export as new Build Order

Scarlett Zerg - Winner!

Build Orders: Hatch First, Swarm Host 

Get SALT Encoding   

  12  0:01  Drone  
  13  0:12  Overlord  
  13  0:17  Drone  
  14  0:31  Drone x2  
  16  0:47  Hatchery  
  15  0:51  Drone  
  15  0:55  Drone  
  17  0:58  Drone  
  18  1:09  Extractor  
  17  1:13  Spawning Pool  
  17  1:16  Drone  
  17  1:19  Drone  
  18  1:28  Drone  
  19  1:39  Drone  
  20  1:49  Drone  
  21  1:59  Queen x2  
  21  2:00  Zergling x2  
  21  2:01  Overlord  
  26  2:09  Metabolic Boost  
  26  2:10  Drone  
  26  2:12  Drone  
  28  2:22  Drone x2  
  30  2:31  Hatchery  
  30  2:36  Drone  
  30  2:38  Drone  
  31  2:45  Queen  
  31  2:51  Overlord  
  33  2:52  Zergling x2  
  33  2:58  Spore Crawler  
  33  3:00  Spore Crawler  
  33  3:03  Drone  
  33  3:04  Drone  
  36  3:09  Drone x5  
  36  3:10  Drone  
  42  3:13  Drone  
  42  3:17  Drone  
  44  3:23  Overlord  
  44  3:27  Overlord  
  44  3:33  Overlord  
  44  3:41  Spore Crawler  
  44  3:42  Drone, Queen x2  
  44  3:43  Drone  
  44  3:47  Drone x2  
  51  3:49  Spore Crawler  
  51  3:52  Drone x2  
  52  3:58  Drone x4  
  52  4:02  Spore Crawler  
  55  4:03  Drone  
  55  4:08  Roach Warren  
  55  4:12  Spore Crawler  
  55  4:14  Drone x2  
  55  4:16  Drone  
  57  4:19  Drone x3  
  60  4:28  Lair  
  60  4:30  Queen  
  63  4:31  Overlord  
  63  4:32  Drone x3  
  63  4:37  Extractor  
  63  4:38  Drone, Extractor  
  65  4:46  Drone  
  65  4:52  Drone x9, Evolution Chamber  
  74  5:04  Extractor  
  73  5:07  Drone, Overlord  
  73  5:10  Extractor, Overlord  
  73  5:11  Extractor  
  73  5:12  Drone x2  
  73  5:14  Overlord x2  
  74  5:22  Zerg Missile Weapons Level 1, Overlord x2  
  74  5:26  Drone x5  
  79  5:32  Infestation Pit  
  76  5:37  Drone x3, Queen x2  
  83  5:44  Roach  
  83  5:45  Roach x6  
  97  5:52  Drone  
  98  6:00  Zergling x2  
  98  6:01  Zergling x16, Nydus Network  
  106  6:24  Drone  
  107  6:25  Swarm Host  
  107  6:26  Swarm Host x4  
  107  6:27  Overlord x3  
  107  6:28  Overlord x3  
  122  6:37  Hatchery  
  121  6:40  Nydus Canal  
  121  6:45  Swarm Host x6  
  139  6:55  Nydus Canal  
  139  6:57  Swarm Host  
  139  6:58  Swarm Host x3  
  149  7:12  Swarm Host x3  
  149  7:14  Overlord x4  
  157  7:20  Nydus Canal  
  157  7:26  Glial Reconstitution  
  157  7:39  Nydus Canal  
  157  7:44  Zergling x10  
  157  7:45  Zergling x24  
  157  7:49  Hatchery  
  173  8:03  Zergling x4, Roach x5  
  173  8:04  Ravager x3  
  173  8:05  Nydus Canal, Ravager x3  
  191  8:15  Ravager  
  192  8:21  Spore Crawler  
  188  8:39  Zergling x34  
  177  8:56  Hive  
  177  8:57  Spire, Roach x6, Zergling x8  
  186  9:08  Roach x6  
  186  9:22  Nydus Canal  
  186  9:23  Zergling x2  
  186  9:24  Zergling x10  
  192  9:27  Zerg Missile Weapons Level 2  
  191  9:35  Zergling x14  
  189  9:44  Nydus Canal  
  170  9:46  Roach x6  
  179  9:58  Nydus Canal  
  169  10:09  Roach x13  
  169  10:10  Roach  
  169  10:13  Zergling x2  
  183  10:18  Zergling x2, Greater Spire  
  183  10:19  Zergling x2  
  176  10:24  Roach  
  176  10:25  Roach x4  
  184  10:31  Nydus Canal  
  184  10:32  Zergling x14  
  184  10:33  Zergling x4  
  193  10:42  Ravager x6  
  199  10:51  Nydus Canal  
  199  10:57  Overseer  
  199  10:58  Pneumatized Carapace  
  190  11:24  Nydus Canal  
  184  11:27  Corruptor x7  
  192  11:40  Nydus Canal  
  165  11:51  Zergling x30, Roach x13  
  172  11:54  Nydus Canal  
  166  12:03  Brood Lord  
  166  12:04  Zergling x14  
  172  12:11  Extractor x2  
  166  12:19  Brood Lord  
  161  12:29  Roach x11  
  172  12:35  Nydus Canal  
  170  12:39  Roach x3  
  170  12:40  Zergling x6, Roach  
  178  12:49  Drone x2  
  178  12:50  Drone  
  181  12:53  Nydus Canal  
  181  13:00  Brood Lord  
  182  13:08  Nydus Canal  
  178  13:15  Brood Lord x2  
  178  13:16  Zergling x10  
  178  13:17  Zergling x30  
  186  13:33  Drone x6  
  186  13:34  Nydus Canal  
  186  13:38  Zergling x2  
  185  13:49  Nydus Canal  
Show
View Real Time Build Order
Export as new Build Order

SKillous Protoss 

Build Orders: 1 Gate Expand, Oracle Opening, Phoenix Opening 

Get SALT Encoding   

  12  0:00  Probe  
  13  0:13  Probe  
  14  0:20  Pylon  
  14  0:25  Probe  
  15  0:30  Assimilator  
  15  0:38  Probe (Chrono Boost)  
  16  0:43  Gateway  
  16  0:49  Probe (Chrono Boost)  
  17  0:53  Probe (Chrono Boost)  
  18  1:04  Probe  
  19  1:16  Probe  
  20  1:23  Nexus  
  20  1:32  Cybernetics Core  
  20  1:34  Probe  
  20  1:39  Assimilator  
  21  1:47  Probe  
  22  1:49  Pylon  
  22  1:59  Probe  
  23  2:05  Adept (Chrono Boost)  
  23  2:11  Probe  
  23  2:12  Stargate  
  26  2:20  Warp Gate  
  26  2:23  Probe (Chrono Boost)  
  27  2:31  Stalker  
  27  2:34  Probe (Chrono Boost)  
  31  2:37  Probe (Chrono Boost)  
  31  2:43  Probe (Chrono Boost)  
  33  2:45  Probe (Chrono Boost)  
  33  2:49  Probe (Chrono Boost)  
  33  2:50  Probe (Chrono Boost)  
  34  2:56  Phoenix (Chrono Boost)  
  37  3:01  Probe  
  37  3:03  Probe  
  39  3:10  Pylon  
  39  3:13  Probe  
  39  3:15  Probe  
  39  3:18  Oracle (Chrono Boost)  
  44  3:25  Probe  
  44  3:26  Gateway  
  45  3:27  Probe  
  46  3:38  Probe  
  46  3:39  Probe  
  48  3:46  Oracle (Chrono Boost)  
  51  3:50  Probe  
  51  3:52  Nexus, Probe  
  51  3:55  Pylon  
  53  4:01  Assimilator  
  53  4:02  Probe  
  54  4:03  Assimilator  
  54  4:06  Robotics Facility  
  54  4:13  Probe  
  54  4:14  Probe  
  56  4:24  Oracle (Chrono Boost)  
  56  4:25  Probe  
  56  4:26  Probe  
  61  4:33  Pylon  
  61  4:35  Pylon  
  61  4:37  Probe  
  62  4:39  Shield Battery  
  62  4:51  Probe x2  
  62  4:52  Sentry x2  
  68  4:53  Pylon  
  68  4:55  Observer (Chrono Boost)  
  69  5:03  Probe (Chrono Boost)  
  69  5:05  Twilight Council  
  69  5:06  Forge  
  72  5:08  Probe (Chrono Boost)  
  72  5:10  Gateway  
  72  5:11  Probe (Chrono Boost), Gateway  
  72  5:14  Probe (Chrono Boost)  
  73  5:16  Immortal  
  73  5:20  Probe (Chrono Boost)  
  80  5:23  Probe (Chrono Boost)  
  80  5:24  Probe (Chrono Boost)  
  80  5:27  Probe (Chrono Boost)  
  80  5:28  Assimilator  
  81  5:30  Assimilator  
  81  5:31  Protoss Ground Weapons Level 1 (Chrono Boost), Probe (Chrono Boost)  
  81  5:33  Probe  
  81  5:34  Probe  
  84  5:41  Blink  
  85  5:44  Probe (Chrono Boost)  
  85  5:45  Probe (Chrono Boost)  
  87  5:51  Probe (Chrono Boost)  
  87  5:54  Robotics Bay  
  87  5:56  Probe (Chrono Boost)  
  89  5:58  Probe (Chrono Boost), Immortal  
  89  6:01  Probe (Chrono Boost)  
  94  6:04  Pylon  
  94  6:06  Probe  
  94  6:10  Pylon  
  95  6:13  Gateway  
  95  6:14  Gateway  
  95  6:16  Gateway x2  
  95  6:28  Stalker x4  
  103  6:33  Pylon  
  103  6:34  Pylon  
  103  6:43  Colossus (Chrono Boost)  
  109  6:53  Stalker  
  109  6:54  Stalker x3  
  117  6:56  Pylon  
  117  7:01  Extended Thermal Lance  
  117  7:15  Stalker x4  
  125  7:21  Probe (Chrono Boost)  
  125  7:22  Probe (Chrono Boost)  
  122  7:25  Probe (Chrono Boost)  
  123  7:31  Colossus (Chrono Boost)  
  123  7:33  Probe (Chrono Boost)  
  132  7:38  Probe (Chrono Boost)  
  132  7:39  Probe (Chrono Boost)  
  132  7:42  Pylon  
  132  7:43  Pylon x2  
  132  7:45  Probe  
  131  7:51  Protoss Ground Weapons Level 2 (Chrono Boost)  
  130  7:58  Stalker  
  130  8:01  Stalker x2  
  130  8:02  Stalker x4  
  143  8:08  Probe x2  
  145  8:12  Stalker  
  145  8:14  Probe  
  145  8:18  Charge (Chrono Boost)  
  148  8:20  Gateway  
  148  8:21  Gateway  
  148  8:23  Pylon  
  146  8:34  Stalker x5  
  136  8:42  Zealot x3  
  140  8:58  Stalker x5  
  146  9:07  Colossus  
  152  9:13  Stalker  
  152  9:14  Stalker  
  155  9:19  Stalker  
  149  9:25  Pylon  
  132  9:50  Stalker x4, Nexus  
  132  9:51  Stalker x2  
  138  9:52  Pylon  
  117  10:20  Stalker x7  
  127  10:37  Stalker x3  
  131  10:46  Probe  
  132  10:50  Stalker x5  
  132  10:54  Protoss Ground Armor Level 1 (Chrono Boost)  
  142  11:08  Sentry, Zealot  
  142  11:09  Zealot x3  
  149  11:18  Robotics Facility  
  147  11:25  Stalker  
  147  11:26  Stalker  
  147  11:33  Zealot  
  147  11:34  Zealot x4  
  132  12:01  Zealot  
  125  12:04  Zealot  
  124  12:11  Pylon  
  124  12:14  Pylon  
  124  12:16  Pylon  
  124  12:17  Zealot  
  124  12:18  Pylon  
  124  12:19  Pylon  
  108  12:34  Cybernetics Core  
  108  12:36  Warp Prism (Chrono Boost)  
  100  12:41  Zealot  
  100  12:42  Zealot x8  
  100  12:43  Probe  
  121  12:55  Probe  
  121  12:56  Probe  
  121  12:57  Probe  
  124  13:03  Zealot x3  
  126  13:14  Zealot x3  
  97  13:28  Zealot x2  
  97  13:29  Zealot x4  
  99  13:43  Probe  
Tags
 
Add a new tag
Caveats
  • Supply blocks, unpowered buildings, or Contaminate may cause inaccurate times.
  • Supply counts are checked every 10 seconds.